AoeStats
← SupremeSEITAN

MegaRandom

509924811Analyzed
3v3 RM · 4d ago on Sep 28, 2026· 79m 4s· 6 players
Game mode
Random Map
Map size
Normal (6 player)
Population
200
Speed
Normal
Resources
Standard
Victory
Conquest
Starting age
Dark Age
Ending age
Imperial Age
RankedLock teamsTeams togetherTeam positionsShared explorationLock speedFull tech treeHidden civsTurbo modeCheats
Victory
Defeat
🇮🇳 Japanese · India
966
+15
🇧🇾 Turks · Belarus
940
+16
🇪🇸 Persians · Spain
908
+17
🇪🇸 Malians · Spain
1016
-18
🇪🇸 Persians · Spain
932
-16
🇪🇸 Franks · Spain
883
-14
Ezer
0:40 Loom
13:29 Feudal Age
16:27 Double-Bit Axe
19:26 Castle Age
17:20 Gold Mining
18:34 Stone Mining
27:44 Fletching
30:58 Wheelbarrow
42:53 Ballistics
42:37 Bodkin Arrow
47:15 Bloodlines
47:05 Husbandry
48:19 Scale Barding Armor
48:25 Forging
48:34 Hand Cart
48:18 Horse Collar
49:31 Heavy Plow
52:28 Imperial Age
50:21 Chain Barding Armor
50:37 Iron Casting
50:25 Town Watch
51:48 Gold Shaft Mining
51:28 Bow Saw
53:47 Plate Barding Armor
54:13 Blast Furnace
57:51 Capped Ram
62:20 Bracer
62:21 Padded Archer Armor
62:23 Murder Holes
62:22 Guard Tower
62:19 Arrowslits
62:45 Fortified Wall
64:07 Hoardings
63:53 Conscription
63:16 Siege Ram
64:44 Leather Archer Armor
66:28 Ring Archer Armor
68:07 Elite Janissary
69:23 Artillery
Karlos
12:14 Feudal Age
16:27 Castle Age
15:46 Double-Bit Axe
15:45 Horse Collar
18:21 Bow Saw
19:01 Stone Mining
25:13 Wheelbarrow
26:33 Heavy Plow
30:13 Imperial Age
28:00 Hand Cart
28:59 Scale Mail Armor
29:05 Scale Barding Armor
28:30 Pikeman
29:26 Forging
31:06 Chain Mail Armor
31:12 Chain Barding Armor
30:47 Gambesons
30:24 Halberdier
32:24 Two-Man Saw
31:59 Crop Rotation
32:24 Cavalier
33:40 Plate Mail Armor
33:49 Iron Casting
34:19 Squires
38:35 Blast Furnace
38:11 Plate Barding Armor
40:37 Savar
41:54 Plate Mail Armor
54:33 Padded Archer Armor
54:23 Fletching
54:13 Heavy Cavalry Archer
55:19 Parthian Tactics
57:17 Bodkin Arrow
57:47 Leather Archer Armor
58:59 Ballistics
63:05 Ring Archer Armor
TheB0ldOne
6:43 Loom
11:28 Feudal Age
11:54 Double-Bit Axe
18:13 Castle Age
17:01 Horse Collar
17:13 Stone Mining
17:14 Gold Mining
19:37 Bow Saw
19:13 Fishing Lines
24:35 Bloodlines
25:12 Fletching
26:47 Bodkin Arrow
26:53 Padded Archer Armor
27:39 Ballistics
28:25 Wheelbarrow
28:25 Thumb Ring
28:52 Leather Archer Armor
28:39 Husbandry
31:33 Scale Mail Armor
33:27 Chain Mail Armor
36:35 Pikeman
37:16 Squires
38:26 Forging
38:54 Hand Cart
38:25 Town Watch
39:37 Arson
40:29 Iron Casting
42:27 Imperial Age
40:58 Gillnets
43:28 Crossbowman
44:10 Bracer
46:08 Conscription
46:25 Masonry
46:12 Murder Holes
45:53 Crossbowman
46:33 Arbalester
47:45 Ring Archer Armor
56:32 Hoardings
56:11 Fortified Wall
57:36 Gold Shaft Mining
58:05 Two-Man Saw
57:08 Heavy Plow
58:50 Chemistry
58:02 Yasama
58:24 Light Cavalry
59:33 Arrowslits
59:39 Guard Tower
59:33 Treadmill Crane
60:30 Plate Mail Armor
61:21 Clinker Construction
61:49 Keep
62:12 Kataparuto
63:05 Scale Barding Armor
64:01 Blast Furnace
64:47 Halberdier
64:50 Man-at-Arms
65:16 Gambesons
65:53 Chain Barding Armor
65:51 Long Swordsman
SupremeSEITAN
8:40 Loom
13:05 Feudal Age
14:21 Wheelbarrow
13:38 Double-Bit Axe
13:35 Horse Collar
17:57 Castle Age
17:30 Bloodlines
17:33 Forging
17:28 Scale Barding Armor
18:06 Scale Barding Armor
26:38 Hand Cart
27:00 Town Watch
29:42 Chain Barding Armor
30:29 Iron Casting
30:44 Husbandry
31:52 Elite Skirmisher
32:42 Thumb Ring
35:02 Bow Saw
34:54 Heavy Plow
34:46 Gold Mining
35:16 Padded Archer Armor
35:07 Fletching
38:35 Imperial Age
37:00 Gold Shaft Mining
36:51 Ballistics
36:51 Bodkin Arrow
37:12 Leather Archer Armor
40:00 Stone Mining
43:34 Two-Man Saw
43:05 Crop Rotation
42:28 Pikeman
43:08 Squires
42:57 Gambesons
50:42 Blast Furnace
50:17 Plate Barding Armor
49:09 Cavalier
49:35 Light Cavalry
50:24 Scale Mail Armor
49:49 Halberdier
52:41 Masonry
51:58 Hussar
52:00 Savar
54:35 Chain Mail Armor
55:56 Plate Mail Armor
57:48 Stone Shaft Mining
60:31 Citadels
61:01 Hoardings
61:48 Murder Holes
62:23 Architecture
62:54 Chemistry
67:17 Ring Archer Armor
67:25 Crossbowman
68:39 Kamandaran
ApeteceMuchoNené
12:35 Feudal Age
16:39 Fishing Lines
17:15 Forging
17:10 Scale Barding Armor
17:06 Scale Mail Armor
17:07 Padded Archer Armor
16:57 Fletching
19:31 Castle Age
17:40 Double-Bit Axe
18:41 Gold Mining
18:43 Stone Mining
21:32 Husbandry
26:07 Bow Saw
26:26 Chain Barding Armor
27:17 Iron Casting
26:30 Loom
27:25 Wheelbarrow
29:05 Hand Cart
32:18 Town Watch
33:37 Gold Shaft Mining
34:34 Town Patrol
34:56 Herbal Medicine
38:14 Imperial Age
36:54 Chain Mail Armor
36:54 Leather Archer Armor
36:35 Bodkin Arrow
36:05 Light Cavalry
36:57 Caravan
37:27 Coinage
38:47 Cavalier
40:10 Chivalry
40:32 Conscription
41:45 Plate Barding Armor
42:11 Blast Furnace
40:33 Paladin
40:54 Cranequins
40:55 Heavy Mounted Crossbowman
40:57 Ordonnance Companies
43:47 Banking
46:09 Pikeman
46:36 Gambesons
46:51 Squires
46:37 Arson
47:24 Plate Mail Armor
51:13 Halberdier
54:19 Elite Throwing Axeman
67:06 Chemistry
66:26 Ballistics
66:12 Siege Engineers
66:03 Murder Holes
66:21 Masonry
65:54 Treadmill Crane
69:15 Gillnets
paingemBN
11:58 Feudal Age
10:14 Loom
16:30 Castle Age
15:07 Double-Bit Axe
15:08 Horse Collar
18:02 Wheelbarrow
18:14 Scale Mail Armor
18:48 Forging
20:15 Gold Mining
24:54 Chain Mail Armor
26:51 Iron Casting
32:26 Pikeman
35:11 Fletching
36:50 Bodkin Arrow
39:49 Imperial Age
41:04 Plate Mail Armor
43:48 Elite Gbeto
55:49 Scale Barding Armor
56:51 Chain Barding Armor
58:25 Bloodlines
57:39 Heavy Camel Rider
58:25 Husbandry
62:52 Hand Cart
64:13 Plate Barding Armor
63:36 Light Cavalry
Connection lost

Rejoining the realm…

Still unreachable

The connection could not be restored.

Session expired

The server has moved on; the page needs a fresh start.